Map: 勒瑞萊克山巔

Players

Nice - Winner!

  • Race: Protoss Protoss
  • League: Grandmaster

Expect

  • Race: Terran Terran
  • League: Master

Event: 2016 WCS Winter Challenger Taiwan

VOD

Have the link to the VOD?

Description

Time

  • Played on: Jan. 15, 2016, 6:14 a.m.
  • Length: 7:49

All games in this series

Show
View Real Time Build Order
Export as new Build Order

Nice Protoss - Winner!

Build Orders: 1 Gate Expand, Oracle Opening 

Get SALT Encoding   

  12  0:02  Probe (Chrono Boost)  
  13  0:12  Probe (Chrono Boost)  
  14  0:17  Pylon  
  14  0:23  Probe (Chrono Boost)  
  16  0:35  Probe (Chrono Boost)  
  16  0:36  Gateway  
  16  0:46  Probe (Chrono Boost)  
  16  0:47  Assimilator  
  17  0:57  Probe (Chrono Boost)  
  18  1:07  Probe (Chrono Boost)  
  19  1:19  Nexus  
  19  1:22  Probe (Chrono Boost)  
  20  1:33  Cybernetics Core  
  20  1:34  Probe (Chrono Boost)  
  21  1:40  Assimilator  
  21  1:45  Probe (Chrono Boost)  
  22  1:55  Probe (Chrono Boost)  
  23  2:09  Pylon  
  23  2:14  Warp Gate  
  23  2:27  Adept (Chrono Boost)  
  23  2:29  Mothership Core  
  27  2:33  Probe  
  27  2:43  Probe (Chrono Boost)  
  25  2:50  Probe (Chrono Boost)  
  26  2:52  Stalker (Chrono Boost)  
  26  2:55  Probe (Chrono Boost)  
  29  3:01  Probe (Chrono Boost)  
  29  3:02  Stargate  
  30  3:06  Probe (Chrono Boost)  
  30  3:12  Probe (Chrono Boost)  
  32  3:15  Pylon  
  32  3:16  Probe (Chrono Boost)  
  33  3:22  Probe (Chrono Boost)  
  34  3:27  Probe (Chrono Boost)  
  34  3:33  Probe (Chrono Boost)  
  35  3:39  Probe (Chrono Boost)  
  36  3:43  Probe (Chrono Boost)  
  36  3:44  Gateway  
  36  3:47  Oracle (Chrono Boost)  
  40  3:52  Probe  
  41  3:57  Probe, Pylon  
  40  4:02  Probe  
  40  4:06  Gateway  
  40  4:09  Probe  
  42  4:19  Oracle (Chrono Boost)  
  42  4:21  Gateway  
  42  4:23  Probe x2  
  46  4:29  Stalker  
  49  4:37  Probe  
  49  4:38  Probe  
  49  4:44  Stalker  
  53  4:48  Probe  
  53  4:51  Probe, Pylon  
  55  4:59  Stalker  
  57  5:01  Probe  
  57  5:03  Stalker, Pylon  
  60  5:14  Stalker  
  59  5:28  Stalker x3  
  61  5:34  Oracle  
  62  5:53  Zealot x4  
  62  5:56  Probe x2  
  70  5:58  Assimilator  
  70  6:00  Pylon, Assimilator  
  70  6:01  Gateway  
  70  6:10  Oracle (Chrono Boost)  
  73  6:17  Adept x2  
  77  6:19  Zealot x2  
  77  6:22  Probe  
  64  6:48  Adept  
  64  6:49  Adept x3  
  64  6:50  Probe x2  
  68  7:06  Oracle (Chrono Boost)  
  71  7:12  Twilight Council, Pylon  
  71  7:14  Pylon, Adept x3  
  77  7:15  Adept  
  77  7:16  Pylon  
  77  7:18  Pylon  
  77  7:20  Pylon  
  71  7:41  Stalker x4  
  71  7:42  Stalker  
Show
View Real Time Build Order
Export as new Build Order

Expect Terran 

Build Orders: Reaper Expand, MMM Bio 

Get SALT Encoding   

  12  0:00  SCV  
  13  0:12  SCV  
  14  0:17  Supply Depot  
  14  0:25  SCV  
  15  0:39  SCV  
  15  0:40  Barracks  
  16  0:44  Refinery  
  16  0:51  SCV  
  17  1:03  SCV  
  18  1:15  SCV  
  19  1:28  Orbital Command  
  19  1:29  Reaper  
  20  1:44  Command Center  
  20  1:52  Supply Depot  
  20  1:55  SCV  
  21  2:07  Marine  
  22  2:08  Factory  
  22  2:10  SCV  
  23  2:15  Refinery  
  23  2:22  SCV  
  24  2:34  SCV  
  25  2:47  SCV  
  25  2:49  Barracks Tech Lab  
  26  3:00  SCV  
  26  3:01  Command Center, Orbital Command  
  30  3:12  Cyclone  
  30  3:16  SCV  
  31  3:22  Barracks Reactor  
  31  3:24  Barracks  
  31  3:25  Barracks Tech Lab  
  31  3:27  SCV  
  32  3:28  SCV  
  33  3:45  SCV x2  
  34  3:49  Marine  
  34  3:50  Stimpack  
  34  3:51  Siege Tank  
  38  3:57  SCV x2  
  38  4:02  Engineering Bay  
  40  4:08  Supply Depot  
  40  4:14  Orbital Command  
  40  4:17  Barracks Reactor  
  40  4:20  Barracks  
  40  4:22  SCV x2  
  42  4:34  SCV x2  
  42  4:35  Bunker  
  42  4:36  Marauder  
  46  4:44  SCV  
  46  4:45  Supply Depot  
  46  4:46  SCV  
  46  4:50  Cyclone  
  50  4:54  Missile Turret  
  50  4:55  SCV  
  50  4:56  SCV, Marine x2  
  50  4:57  Marine  
  55  5:09  Barracks Tech Lab  
  55  5:10  Starport  
  55  5:12  SCV x2  
  55  5:14  Marine x2  
  57  5:15  Marauder  
  56  5:27  SCV x2  
  53  5:32  Marine x2  
  53  5:33  Marine  
  54  5:37  Marauder  
  52  5:49  Marine x2  
  46  5:52  Marauder  
  46  5:54  Cyclone  
  52  5:58  Marine  
  52  6:00  SCV x3  
  56  6:06  Medivac  
  56  6:07  Marine x2  
  59  6:13  Marauder  
  59  6:15  Marine  
  62  6:20  Supply Depot  
  62  6:22  Supply Depot, Combat Shields  
  62  6:25  Marine x2  
  61  6:33  Marine  
  61  6:35  Marauder  
  51  6:43  SCV x2, Marine x2  
  40  6:52  SCV, Marine  
  41  6:55  Siege Tank, SCV, Marine  
  41  7:01  Marine  
  46  7:03  Marine  
  44  7:10  Marauder  
  44  7:13  Marine  
  44  7:14  Medivac  
  49  7:18  Marine  
  49  7:21  Marine  
  49  7:22  SCV x2  
  53  7:23  SCV  
Tags
 
Add a new tag
Caveats
  • Supply blocks, unpowered buildings, or Contaminate may cause inaccurate times.
  • Supply counts are checked every 10 seconds.